 Dungeon Crawl Stone Soup version 0.27-a0-797-g27d10ad80f (webtiles) character file.

Game seed: 13137705942521511767

87 pokeman the Magician (level 4, 0/25 HPs)
             Began as a Deep Elf Hedge Wizard on Mar 27, 2021.
             Slain by a centaur (2 damage)
             ... on level 2 of the Dungeon.
             The game lasted 00:03:20 (2305 turns).

pokeman the Magician (Deep Elf Hedge Wizard)        Turns: 2305, Time: 00:03:20

Health: 0/25       AC:  2    Str:  7    XL:     4   Next: 28%
Magic:  1/13       EV: 12    Int: 20    God:
Gold:   88         SH:  0    Dex: 14    Spells: 3/14 levels left

rFire    . . .     SeeInvis .   e - +0 trident
rCold    . . .     Faith    .   (no shield)
rNeg     . . .     Spirit   .   b - +0 robe
rPois    .         Reflect  .   c - +0 hat
rElec    .         Harm     .   (no cloak)
rCorr    .         Rampage  .   (no gloves)
Will     .....                  (no boots)
Stlth    ++........             (no amulet)
HPRegen  0.08/turn              (no ring)
MPRegen  0.13/turn              (no ring)

@: very slightly contaminated
A: no striking features
a: no special abilities


You were on level 2 of the Dungeon.
You visited 1 branch of the dungeon, and saw 2 of its levels.

You collected 88 gold pieces.

Inventory:

Hand Weapons
 e - a +0 trident (weapon)
Missiles
 d - 31 arrows
Armour
 b - a +0 robe (worn)
 c - a +0 hat (worn)
Scrolls
 a - a scroll of identify {unknown}
 f - 2 scrolls of fear {unknown}


   Skills:
 - Level 1.0 Fighting
 - Level 1.1 Armour
 + Level 2.5 Dodging
 - Level 2.4 Stealth
 * Level 5.6 Spellcasting
 + Level 2.2 Conjurations
 - Level 1.1 Summonings
 - Level 1.1 Translocations
 + Level 0.4 Fire Magic


You had 3 spell levels left.
You knew the following spells:

 Your Spells              Type           Power      Damage    Failure   Level
a - Magic Dart            Conj           56%        1d5       4%          1
b - Mephitic Cloud        Conj/Pois/Air  8%         N/A       24%         3
c - Call Imp              Summ           10%        N/A       11%         2
d - Blink                 Tloc           N/A        N/A       11%         2
e - Conjure Flame         Conj/Fire      10%        6-21      19%         3

Your spell library contained the following spells:

 Spells                   Type           Power      Damage    Failure   Level
 Slow                     Hex            5%         N/A       17%         2


Dungeon Overview and Level Annotations

Branches:
Dungeon (2/15)

Altars:


Message History

Press: ? - help, Shift-Dir - straight line, f - centaur
Aim: a centaur, quivering arrows (asleep, chance to affect: 81%)
You miscast Mephitic Cloud.
You are very lightly contaminated with residual magic.
You are caught in an explosion of electrical discharges!
The centaur shouts!
Casting: Mephitic Cloud (extremely dangerous; 24% risk of failure)
Confirm with . or Enter, or press ? or * to list all spells.
The spell is extremely dangerous to cast (24% risk of failure)!
Continue anyway?
Aiming: Mephitic Cloud (extremely dangerous; 24% risk of failure)
Press: ? - help, Shift-Dir - straight line, f/p - centaur
Aim: a centaur, quivering arrows (chance to affect: 81%)
You miscast Mephitic Cloud.
Strange energies run through your body. The centaur barely misses you. x2
Unknown command.
Casting: Mephitic Cloud (extremely dangerous; 24% risk of failure)
Confirm with . or Enter, or press ? or * to list all spells.
The spell is extremely dangerous to cast (24% risk of failure)!
Continue anyway?
Aiming: Mephitic Cloud (extremely dangerous; 24% risk of failure)
Press: ? - help, Shift-Dir - straight line, f/p - centaur
Aim: a centaur, quivering arrows (chance to affect: 81%) That beam is likely to hit you.
Continue anyway?
You miscast Mephitic Cloud.
Nothing appears to happen.
The centaur closely misses you. The centaur kicks you.
Casting: Mephitic Cloud (extremely dangerous; 24% risk of failure)
Confirm with . or Enter, or press ? or * to list all spells.
The spell is extremely dangerous to cast (24% risk of failure)!
Continue anyway?
Aiming: Mephitic Cloud (extremely dangerous; 24% risk of failure)
Press: ? - help, Shift-Dir - straight line, f/p - centaur
Aim: a centaur, quivering arrows (chance to affect: 81%) That beam is likely to hit you.
Continue anyway?
The ball explodes into a vile cloud!
The stinking cloud engulfs the centaur but does no damage.
The stinking cloud engulfs you but does no damage.
You hear a shout!
The centaur is engulfed in noxious fumes.
The centaur appears confused.
The centaur hits you.
* * * LOW HITPOINT WARNING * * *
The centaur kicks you.
You die...

#Z# #.# #.(..
#... #.#
##.####..#. ....
#.# #..........
.#.. #.#
#####..######..#.
.. #.# #......#
#.... ##
#.######.###.##
###.
.#...........#
####...### #§☼@#
##c## #§ #. #. #.
#. #.


You could see a centaur (confused).

Vanquished Creatures
  A scorpion (D:2)
  A killer bee zombie (D:2)
  A dart slug (D:1)
  A worm (D:2)
  5 bats
  4 endoplasms
  A goblin (D:1)
  3 hobgoblins (D:1)
  2 kobolds (D:2)
  A quokka (D:1)
  4 ball pythons
  10 frilled lizards (D:1)
  A rat (D:1)
35 creatures vanquished.

Notes
Turn   | Place    | Note
-------+----------+-------------------------------------------
     0 | D:1      | pokeman the Deep Elf Hedge Wizard began the quest for the
                  | Orb.
     0 | D:1      | Reached XP level 1. HP: 10/10 MP: 7/7
   334 | D:1      | Reached XP level 2. HP: 15/15 MP: 4/9
   730 | D:1      | Reached skill level 5 in Spellcasting
  1348 | D:2      | Noticed a scorpion
  1419 | D:2      | Reached XP level 3. HP: 20/20 MP: 6/11
  1423 | D:2      | Learned a level 3 spell: Mephitic Cloud
  1426 | D:2      | Learned a level 2 spell: Call Imp
  1429 | D:2      | Learned a level 2 spell: Blink
  1433 | D:2      | Learned a level 3 spell: Conjure Flame
  1569 | D:2      | Killed a scorpion
  1570 | D:2      | Reached skill level 1 in Fighting
  1570 | D:2      | Reached skill level 1 in Armour
  1948 | D:2      | HP: 1/20 [killer bee zombie (3)]
  1949 | D:2      | Reached XP level 4. HP: 1/25 MP: 6/13
  2299 | D:2      | Noticed a centaur
  2305 | D:2      | Slain by a centaur

Illustrated notes

Levels and vault maps discovered:
D:1:      psy_arrival_dodecagon, layout_basic, minmay_lizard_pond
D:2:      layout_loops_ring, serial_shops, shop, shop, shop, shop_fountains

Skill      XL: |  1  2  3 |
---------------+----------+-----
Spellcasting   | 5 |  5.6
Fighting       | 1 |  1.0
Armour         | 1 |  1.1
Conjurations   | 2 |  2.2
Dodging        | |  2.5
Stealth        | |  2.4
Summonings     | |  1.1
Translocations | |  1.1
Fire Magic     | |  0.4

Action                   |  1- 3 |  4- 6 || total
-------------------------+-------+-------++-------
Melee: Trident           |     8 |       ||     8
 Cast: Magic Dart        |    80 |    10 ||    90
       Conjure Flame     |     5 |       ||     5
       Mephitic Cloud    |     1 |     1 ||     2
       Call Imp          |     1 |       ||     1
Armor: Robe              |     3 |     1 ||     4
Dodge: Dodged            |    12 |     6 ||    18

Table legend: (Time is in decaauts)
 A = Elapsed time spent in this place.
 B = Non-inter-level travel time spent in this place.
 C = Inter-level travel time spent in this place.
 D = Time resting spent in this place.
 E = Time spent auto-exploring this place.
 F = Levels seen in this place.
 G = Mean time per level.
                   A        B        C        D        E       F      G
               +--------+--------+--------+--------+--------+-----+--------+
         Total |   2308 |   2165 |    143 |    216 |   1649 |   2 | 1154.0 |
       Dungeon |   2308 |   2165 |    143 |    216 |   1649 |   2 | 1154.0 |
               +--------+--------+--------+--------+--------+-----+--------+

Top non-repeatable levels by time:
     D:1: 1501 daAuts
     D:2: 807 daAuts
